Description

x

Replay - 2020-04-27 - (P)PtitDrogo VS (P)Harstem

Build Order

Get SALT Encoding   

  12  0:01  Probe  
  13  0:13  Probe  
  14  0:18  Pylon  
  14  0:25  Probe (Chrono Boost)  
  15  0:37  Probe (Chrono Boost), Gateway  
  16  0:45  Probe (Chrono Boost)  
  16  0:47  Assimilator  
  17  0:51  Probe  
  18  0:58  Assimilator  
  18  1:04  Probe (Chrono Boost)  
  19  1:09  Gateway  
  19  1:13  Probe (Chrono Boost)  
  20  1:19  Probe  
  20  1:24  Cybernetics Core  
  21  1:31  Probe  
  22  1:35  Pylon  
  23  1:58  Warp Gate (Chrono Boost)  
  23  2:01  Stalker x2  
  28  2:08  Pylon  
  29  2:31  Sentry, Stalker  
  33  2:47  Nexus  
  33  2:53  Pylon  
  33  3:00  Stalker  
  35  3:08  Stalker  
  37  3:14  Shield Battery  
  37  3:24  Robotics Facility  
  39  3:42  Sentry x2  
  43  3:55  Shield Battery  
  45  4:05  Shield Battery  
  44  4:15  Stalker x2  
  48  4:27  Immortal (Chrono Boost)  
  52  4:38  Sentry  
  56  4:46  Stalker  
  56  4:52  Pylon  
  56  5:03  Immortal (Chrono Boost)  
  60  5:11  Zealot  
  62  5:21  Sentry  
  68  5:31  Warp Prism (Chrono Boost)  
  69  5:42  Gateway x2  
  69  5:46  Sentry  
  73  5:57  Stalker  
  77  6:14  Assimilator x2  
  77  6:17  Observer  
  80  6:23  Warp Prism  
  80  6:25  Stalker, Adept  
  83  6:35  Shield Battery  
  84  6:46  Adept x2  
  88  6:53  Twilight Council  
  89  6:55  Forge  
  89  7:01  Zealot  
  92  7:15  Gateway x2  
  92  7:20  Zealot x4  
  92  7:21  Protoss Ground Weapons Level 1 (Chrono Boost)  
  100  7:25  Charge (Chrono Boost)  
  100  7:33  Templar Archives  
  100  7:59  Nexus  
  100  8:01  Gateway x2  
  100  8:13  High Templar x2  
  100  8:14  Zealot x2  
  108  8:20  Zealot x2  
  108  8:22  Archon  
  112  8:47  High Templar x4, Observer  
  120  8:52  Archon  
  118  8:57  Archon  
  118  8:59  Shield Battery  
  134  9:40  High Templar x2  
  134  9:44  Photon Cannon  
  134  9:45  Archon  
Spawning Tool Build Advisor. Get it on Overwolf

Analysis

x

Go to:

Details

  • Created by: brockalanche
  • Published on: Jun 18, 2020
  • Modified on: Jun 18, 2020
  • Patch: 4.11.0
  • Difficulty: Easy
Show
View Real Time Build Order
Export as new Build Order

Comments (0)

There are no comments. Be the first!

Create an account to comment!